 Dungeon Crawl Stone Soup version 0.30-a0-591-g3c58d2bc28 (webtiles) character file.

Game seed: 9361634034445102182

802 Angani the Chiller (level 7, -3/81 (82) HPs)
             Began as a Green Draconian Reaver on Jan 6, 2023.
             Was a Believer of Jiyva.
             Engulfed by a cloud of flame (10 damage)
             ... on level 5 of the Dungeon.
             The game lasted 00:08:54 (3647 turns).

Angani the Chiller (Green Draconian Reaver)         Turns: 3647, Time: 00:08:54

HP:   -3/81 (82)    AC: 23    Str: 14    XL:     7   Next: 59%
MP:   14/14         EV:  2    Int: 16    God:    Jiyva [**....]
Gold: 220           SH:  0    Dex:  9    Spells: 11/15 levels left

rFire   . . .      SeeInvis .    h - +0 short sword (venom)
rCold   . . .      Faith    .    (no shield)
rNeg    . . .      Spirit   .    (body armour unavailable)
rPois   +          Reflect  .    (helmet currently unavailable)
rElec   .          Harm     .    (cloak currently unavailable)
rCorr   +          Rampage  .    (gloves currently unavailable)
Will    .....      NoTele   +    (boots currently unavailable)
Stlth   +                        (no amulet)
HPRegen 1.29/turn                (no ring)
MPRegen 0.44/turn                (no ring)

@: short of breath, tree-form, hasted, lightly drained, very quick
A: stationary, stasis, torment immunity, boosted hp, (breathe noxious fumes), AC
+6, unfitting armour, (poison resistance), (cold-blooded)
a: Renounce Religion


You were on level 5 of the Dungeon.
You worshipped Jiyva.
Jiyva was pleased with you.
You were a tree.
You visited 1 branch of the dungeon, and saw 5 of its levels.

You collected 220 gold pieces.

Inventory:

Hand Weapons
 h - a +0 short sword of venom (weapon)
 q - a +3 falchion of holy wrath
Armour
 k - a scarf of invisibility
 r - a scarf of shadows (melded)
Wands
 p - a wand of flame (2)
Scrolls
 i - a scroll of amnesia
 l - a scroll of identify
 n - a scroll of fear
Potions
 f - a potion of haste
 j - 2 potions of attraction {unknown}


   Skills:
 - Level 2.1 Fighting
 - Level 3.0 Short Blades
 - Level 1.7 Dodging
 + Level 4.9 Spellcasting
 - Level 3.3 Conjurations
 * Level 6.6 Ice Magic


You had 11 spell levels left.
You knew the following spells:

 Your Spells              Type           Power      Damage    Failure   Level
b - Freeze                Ice            100%       1d10      1%          1
c - Frozen Ramparts       Ice            50%        1d8       3%          3

Your spell library contained the following spells:

 Spells                   Type           Power      Damage    Failure   Level
 Hailstorm                Conj/Ice       19%        3d6       6%          3
 Kiss of Death            Conj/Necr      36%        2d8       8%          1
 Momentum Strike          Conj/Tloc      18%        3d8       12%         2
 Sandblast                Erth           6%         2d5       16%         1
 Passwall                 Tmut/Erth      2%         N/A       24%         2
 Stone Arrow              Conj/Erth      18%        3d8       24%         3


Dungeon Overview and Level Annotations

Branches:
Dungeon (5/15)
 Temple: D:4-7

Altars:
Cheibriados
Qazlal
Sif Muna
Wu Jian
Xom
Yredelemnul
Jiyva


Innate Abilities, Weirdness & Mutations

You are a tree.
Your roots penetrate the ground, keeping you stationary.
You cannot be teleported.
You are immune to unholy pain and torment.
Your maximum health is greatly increased.
Your equipment is partially melded.
((You can breathe blasts of noxious fumes.))
((Your lurid green scales are hard. (AC +6)))
You cannot fit into any form of body armour.
((Your system is resistant to poisons. (rPois)))
((You are cold-blooded and may be slowed by cold attacks.))


Message History

Your scarf of shadows melds into your body.
The dungeon's light returns to normal.
Your roots penetrate the ground.
The phantom hits you but does no damage.
The hound is poisoned.
The hound bites you but does no damage.
Unknown command.
Unknown command.
You barely miss the phantom.
The phantom is severely damaged.
The hound seems to regain its courage.
The phantom hits you but does no damage.
An orc comes into view. It is wielding a +0 hand axe.
The hound is engulfed in poison gas.
The hound looks even sicker.
The hound bites you.
Unknown command.
Unknown command.
You miss the phantom.
The phantom is severely damaged.
The centaur seems to regain its courage.
The hound looks even sicker.
The hound bites you.
An orc comes into view. It is wielding a +0 hand axe.
The phantom hits you but does no damage.
Unknown command.
You hit the phantom.
Flame seeps out of the phantom.
The phantom is severely damaged.
The hound is engulfed in poison gas.
The hound looks as sick as possible!
The hound bites you but does no damage.
The phantom is engulfed in blazing flames.
The phantom explodes!
The fiery explosion engulfs you!!
* * * LOW HITPOINT WARNING * * *
The fiery explosion engulfs the hound!!!
You kill the hound!
The centaur wields a +0 shortbow.
The centaur shoots an arrow.
The arrow hits you but does no damage.
You hear an angry growl.
You hear a shout! x3
Unknown command.
Unknown command.
It was a potion of haste.
You feel yourself speed up.
You are engulfed in blazing flames.
You die...

*,* *,* *,,,,,,,,,* ****,** #.*
*,,o#****,* **,,,,,* #§*
*,☼§.****,**** ,*,,,,,* ###☼#*
*§§§.,>,,,,,,, ,*,,,,,**###§§§§*
*#§§☼.,,,,,,,*,
,*,,,,,,,.§☼○§#§###§☼§§.,,,,,,***
,*,,,,*,*.§§§§§§§○§§§§§.,,,,,** *
,*,,,,,,,.§☼☼§☼○§☼§§☼§☼o,,,,** *
,,,*,,*.#.§§§§§○♣§§§§§○.,,,,*****
,,,,,,,...§§○☼§§##☼§☼○§.,,,,,,,,,
**,,*>*.....§.c○.,,§§##.**,*,,***
,*,,*,*....§...§#**,##*,**,**,* *
,*,,,,,...§J§§§.#,,,**,,**,**,*
,,,,,,,...§§§§§.#,****,***,,*,*
,,,,,,,....§§.§§#,#*,,,****,,,***
,,,,,,,......§§.#.#,,**,****,,,,*
*,*,,,,...J........,*,*,,***,,*,,


You could see a centaur, 2 orcs and a neutral jelly (wandering) (fellow slime).

Vanquished Creatures
  Eustachio (D:4)
  An orc warrior (D:4)
  A black bear (D:5)
  A phantom (D:5)
  A necrophage (D:4)
  A scorpion (D:4)
  A killer bee (D:4)
  2 hounds (D:5)
  An orc wizard (D:3)
  9 adders
  2 worms (D:2)
  6 orcs
  5 bats
  3 endoplasms
  4 giant cockroaches
  9 goblins
  6 hobgoblins
  6 kobolds
  6 quokkas
  5 ball pythons
  3 rats
74 creatures vanquished.

Vanquished Creatures (others)
  A phantom (D:4)
  A jelly (D:5)
  An orc wizard (D:5)
  2 adders (D:5)
  3 endoplasms (D:4)
  2 orcs
  A hobgoblin (D:4)
  A quokka (D:5)
12 creatures vanquished.

Grand Total: 86 creatures vanquished

Notes
Turn   | Place    | Note
-------+----------+-------------------------------------------
     0 | D:1      | Angani the Draconian Reaver began the quest for the Orb.
     0 | D:1      | Reached XP level 1. HP: 17/17 MP: 3/3
   238 | D:1      | Reached XP level 2. HP: 24/24 MP: 5/5
   763 | D:2      | Learned a level 1 spell: Freeze
   795 | D:2      | Reached skill level 1 in Ice Magic
   795 | D:2      | Reached XP level 3. HP: 19/29 MP: 4/6
   913 | D:2      | Learned a level 3 spell: Frozen Ramparts
  1111 | D:2      | Reached skill level 2 in Ice Magic
  1508 | D:2      | Reached XP level 4. HP: 24/36 MP: 8/8
  2149 | D:3      | Reached skill level 3 in Ice Magic
  2262 | D:3      | Found a faded altar of an unknown god.
  2274 | D:3      | Prayed at the altar of an unknown god.
  2274 | D:3      | Became a worshipper of Jiyva Joric the Shapeless
  2274 | D:3      | Reached * piety under Jiyva
  2607 | D:4      | Noticed a scorpion
  2628 | D:3      | Reached XP level 5. HP: 28/41 MP: 8/10
  2775 | D:4      | Reached skill level 4 in Ice Magic
  2781 | D:4      | Noticed an orc warrior
  2804 | D:4      | Killed an orc warrior
  2805 | D:4      | Reached XP level 6. HP: 10/43 MP: 8/12
  2907 | D:4      | Reached ** piety under Jiyva
  2907 | D:4      | Found a stormy altar of Qazlal.
  2959 | D:4      | Found an ornate altar of the Wu Jian Council.
  3100 | D:4      | Reached skill level 5 in Ice Magic
  3154 | D:4      | Found a snail-covered altar of Cheibriados.
  3154 | D:4      | Found a basalt altar of Yredelemnul.
  3444 | D:5      | Entered Level 5 of the Dungeon
  3444 | D:5      | Noticed Eustachio
  3444 | D:5      | Found a shimmering altar of Xom.
  3533 | D:4      | Killed Eustachio
  3534 | D:4      | Your scales start taking on a lurid green colour.
  3534 | D:4      | Reached XP level 7. HP: 37/52 MP: 10/13
  3534 | D:4      | Gained mutation: Your system is resistant to poisons.
                  | (rPois) [Green Draconian growth]
  3570 | D:5      | Found a shimmering blue altar of Sif Muna.
  3576 | D:5      | Reached skill level 6 in Ice Magic
  3619 | D:5      | Noticed a two-headed ogre
  3647 | D:5      | Engulfed by a cloud of flame

Illustrated notes

Levels and vault maps discovered:
D:1:      scummos_arrival_simple_crosswalls, layout_basic
D:2:      layout_basic
D:3:      layout_basic, shapermc_ecumenical_altar_pompeii
D:4:      layout_basic, nicolae_wu_jian_immortal_techniques,
          nicolae_qazlal_general_emergency, gammafunk_temple_overflow_statue,
          minmay_manual_mail
D:5:      dreamdust_elfheim, layout_rooms, overflow_temple_1_default,
          overflow_temple_1_default, serial_co_window_serial, co_window_cross_1,
          co_window_corner_a, co_window_paths_b, co_window_paths_a,
          co_window_paths_a, co_window_of_opportunity_b, co_window_cross_2,
          co_window_corner_b, co_window_2corner, glass_columns_a,
          glass_columns_b, glass_columns_c, glass_columns_a, minmay_manual_mess,
          uniq_eustachio

Skill      XL: |  1  2  3  4  5  6  7 |
---------------+----------------------+-----
Ice Magic      | 1 2 3 4 5 6 |  6.6
Spellcasting   | 3 4 |  4.9
Fighting       | |  2.1
Short Blades   | |  3.0
Dodging        | |  1.7
Conjurations   | |  3.3

Action                   |  1- 3 |  4- 6 |  7- 9 || total
-------------------------+-------+-------+-------++-------
Melee: Short sword       |    53 |   215 |    27 ||   295
       Hand axe          |    42 |       |       ||    42
       Tailslap          |     9 |    25 |     3 ||    37
       Punch             |     2 |     3 |     1 ||     6
 Cast: Kiss of Death     |     2 |     4 |     1 ||     7
       Freeze            |     2 |       |       ||     2
       Frozen Ramparts   |     1 |    10 |     1 ||    12
 Abil: Breathe Noxious F |       |       |     1 ||     1
  Use: Scroll            |       |       |     8 ||     8
       Potion            |       |       |     4 ||     4
Armor: Skin              |    28 |    67 |    20 ||   115
Dodge: Dodged            |    55 |   155 |    16 ||   226

Table legend: (Time is in decaauts)
 A = Elapsed time spent in this place.
 B = Non-inter-level travel time spent in this place.
 C = Inter-level travel time spent in this place.
 D = Time resting spent in this place.
 E = Time spent auto-exploring this place.
 F = Levels seen in this place.
 G = Mean time per level.
                   A        B        C        D        E       F      G
               +--------+--------+--------+--------+--------+-----+--------+
         Total |   3617 |   3509 |    108 |    422 |   2331 |   5 |  723.4 |
       Dungeon |   3617 |   3509 |    108 |    422 |   2331 |   5 |  723.4 |
               +--------+--------+--------+--------+--------+-----+--------+

Top non-repeatable levels by time:
     D:2: 1055 daAuts
     D:4: 862 daAuts
     D:3: 861 daAuts
     D:1: 716 daAuts
     D:5: 122 daAuts
